Map: Ever Dream LE

Players

RyuKey - Winner!

  • Race: Terran Terran
  • League: Diamond
  • Spawn Location: 1:00

Rinogg

  • Race: Terran Terran
  • League: Diamond
  • Spawn Location: 7:00

VOD

Have the link to the VOD?

Description

Time

  • Played on: June 21, 2020, 4:28 p.m.
  • Length: 16:57
Show
View Real Time Build Order
Export as new Build Order

RyuKey Terran - Winner!

Build Orders: Banshee Rush 

Get SALT Encoding   

  12  0:02  SCV  
  13  0:14  SCV  
  13  0:18  Supply Depot  
  14  0:24  Refinery  
  14  0:27  SCV  
  15  0:39  SCV  
  16  0:51  Barracks  
  16  0:52  SCV  
  17  1:04  SCV  
  18  1:14  Refinery  
  18  1:16  SCV  
  19  1:28  SCV  
  20  1:39  Supply Depot  
  20  1:40  Orbital Command  
  20  1:41  Reaper  
  20  1:46  Factory  
  21  2:09  SCV  
  22  2:19  Barracks Reactor  
  22  2:21  SCV  
  23  2:30  Starport  
  23  2:31  Hellion  
  23  2:33  SCV  
  26  2:46  SCV  
  27  2:53  Hellion  
  27  2:56  Reaper  
  27  2:57  Reaper  
  31  3:02  Supply Depot  
  31  3:08  Starport Tech Lab  
  31  3:15  Command Center  
  31  3:24  SCV, Hellion  
  31  3:27  Cloaking Field, Supply Depot  
  34  3:32  Banshee  
  37  3:38  Reaper x2  
  40  3:48  SCV  
  40  3:49  Supply Depot  
  40  3:52  Hellion  
  42  4:05  SCV  
  43  4:21  Banshee  
  48  4:26  Factory Tech Lab  
  48  4:27  Marine x2  
  48  4:28  SCV  
  48  4:30  Orbital Command  
  49  4:35  Supply Depot  
  49  4:41  SCV  
  49  4:45  Marine x2  
  52  4:53  SCV  
  52  4:58  SCV  
  54  5:03  Marine  
  54  5:05  SCV  
  56  5:10  SCV  
  55  5:23  Marine x2  
  55  5:26  SCV x2  
  59  5:38  SCV x2  
  59  5:41  Marine  
  59  5:45  Marine  
  60  5:50  SCV x2  
  58  5:59  Marine  
  58  6:02  Marine, Viking  
  46  6:16  Marine  
  46  6:17  SCV  
  46  6:20  Marine  
  46  6:23  SCV  
  46  6:34  Marine  
  46  6:38  Marine  
  30  7:11  SCV x2  
  23  7:28  Factory  
  23  7:31  SCV x2  
  23  7:34  Command Center  
  22  7:58  SCV x2  
  22  8:06  Barracks  
  22  8:10  Barracks, SCV  
  22  8:12  SCV  
  24  8:13  Cyclone  
  26  8:22  SCV  
  26  8:24  SCV  
  26  8:25  Engineering Bay  
  26  8:32  Barracks  
  25  8:34  SCV  
  25  8:37  SCV  
  24  8:51  SCV x2  
  24  8:53  Cyclone  
  29  9:03  SCV  
  29  9:08  SCV  
  25  9:15  SCV  
  26  9:17  Missile Turret  
  26  9:21  SCV, Starport  
  27  9:27  SCV  
  27  9:30  Stimpack  
  28  9:31  Marine  
  28  9:32  Marine x2  
  28  9:33  SCV  
  32  9:39  SCV  
  32  9:40  Marine  
  32  9:45  SCV  
  35  9:49  Marine x2, Missile Turret  
  35  9:50  Marine  
  35  9:51  SCV  
  39  9:57  SCV  
  39  9:58  Marine  
  40  10:03  SCV  
  40  10:07  Marine x2, Siege Tank  
  42  10:08  Marine  
  42  10:09  SCV  
  43  10:18  SCV  
  43  10:21  SCV  
  43  10:22  Marine  
  43  10:25  Marine  
  44  10:34  SCV x2  
  44  10:35  Terran Infantry Weapons Level 1  
  46  10:42  Marine x2  
  48  10:46  SCV  
  49  10:58  SCV x2  
  49  11:00  Barracks Reactor  
  51  11:13  Marine x3, Siege Tank  
  51  11:17  SCV  
  58  11:19  Refinery  
  58  11:20  Refinery  
  58  11:21  SCV  
  59  11:28  Starport Reactor  
  59  11:29  SCV  
  59  11:30  Marine, Command Center  
  59  11:31  Marine  
  62  11:33  SCV  
  62  11:34  Marine  
  64  11:41  SCV  
  64  11:44  Supply Depot  
  64  11:45  SCV  
  66  11:47  Supply Depot  
  66  11:48  Marine  
  66  11:53  Marine x2, SCV  
  70  12:03  Marine x2, SCV, Siege Tank  
  70  12:05  SCV  
  70  12:06  Marine  
  78  12:10  Supply Depot  
  78  12:11  Marine x2  
  80  12:15  SCV  
  80  12:16  Combat Shield  
  80  12:18  SCV  
  80  12:20  Medivac  
  80  12:21  Marine x2  
  86  12:24  Marine  
  86  12:27  SCV  
  88  12:35  Marine x2, Siege Tank  
  91  12:39  Marine  
  91  12:43  Marine  
  91  12:44  Marine, Orbital Command  
  91  12:55  Marine  
  92  12:59  Terran Infantry Armor Level 1  
  92  13:03  SCV x2  
  92  13:05  Supply Depot  
  94  13:06  Armory  
  94  13:07  Siege Tank  
  94  13:08  Orbital Command  
  94  13:09  Engineering Bay  
  97  13:13  Marine x2  
  99  13:20  SCV  
  99  13:22  Supply Depot  
  100  13:27  Marine  
  100  13:28  Marine x2  
  100  13:30  Marine x2  
  100  13:31  SCV  
  100  13:32  SCV  
  97  14:01  Marine x5  
  97  14:07  Viking x2  
  101  14:11  SCV x2  
  101  14:17  Supply Depot  
  103  14:18  Siege Tank  
  103  14:19  Marine x4  
  110  14:37  Viking  
  104  14:39  Marine x3  
  104  14:40  Marine x2  
  104  14:42  Viking  
  110  14:56  SCV x2  
  110  14:57  Marine x3  
  115  15:01  Marine x2  
  115  15:02  Siege Tank  
  120  15:07  Barracks  
  120  15:12  Refinery, Viking  
  124  15:15  Marine x2  
  124  15:16  Refinery  
  124  15:18  Medivac  
  126  15:42  Medivac, Marine x5  
  125  15:48  Medivac  
  131  15:57  Marine  
  131  16:00  Marine x4, Siege Tank  
  131  16:01  Marauder  
  140  16:24  Marine  
  141  16:28  Marine  
  141  16:33  Marine  
Show
View Real Time Build Order
Export as new Build Order

Rinogg Terran 

Build Orders: 1/1/1 

Get SALT Encoding   

  12  0:00  SCV  
  13  0:12  SCV  
  14  0:17  Supply Depot  
  14  0:24  SCV  
  15  0:30  Refinery  
  15  0:38  SCV  
  16  0:46  Barracks  
  16  0:50  SCV  
  17  1:02  SCV, Supply Depot  
  18  1:15  SCV  
  19  1:32  Orbital Command  
  19  1:33  Marine  
  19  1:37  Factory  
  20  1:41  Refinery  
  20  1:50  Marine  
  21  1:58  SCV  
  22  2:08  Marine  
  23  2:20  SCV, Factory Tech Lab  
  23  2:21  Starport  
  24  2:26  Marine  
  24  2:28  Supply Depot  
  25  2:32  SCV  
  26  2:38  Siege Tank  
  26  2:44  SCV  
  30  2:53  Marine  
  30  2:56  SCV  
  30  2:57  Supply Depot  
  32  2:58  Medivac  
  34  3:08  SCV  
  34  3:12  Marine  
  36  3:13  Cyclone  
  39  3:23  SCV  
  40  3:33  Marine  
  41  3:35  Starport Tech Lab  
  41  3:36  Medivac  
  41  3:39  Supply Depot  
  43  3:50  SCV  
  43  3:52  Marine  
  45  4:00  Cyclone, Command Center  
  44  4:24  Starport Tech Lab, Barracks Reactor  
  44  4:29  SCV  
  45  4:31  Barracks  
  45  4:32  Barracks  
  45  4:47  Banshee  
  45  4:49  Cloaking Field  
  45  4:52  Hellion  
  50  4:53  SCV  
  51  5:02  Engineering Bay  
  51  5:05  Marine, Supply Depot  
  51  5:06  Marine  
  43  5:36  Orbital Command  
  28  6:10  Marine, SCV  
  24  6:22  SCV  
  22  6:34  SCV  
  22  6:37  Viking  
  24  6:46  SCV  
  15  7:31  SCV  
  10  7:49  SCV x2  
  12  8:01  SCV  
  13  8:14  Marine  
  14  8:24  SCV  
  14  8:25  SCV  
  16  8:27  Viking  
  18  8:35  Engineering Bay  
  18  8:36  SCV  
  18  8:37  SCV  
  17  8:55  Cyclone  
  18  9:04  SCV x2  
  16  9:28  SCV  
  16  9:29  SCV  
  18  9:40  SCV  
  18  9:41  SCV  
  20  9:52  Marine x2, SCV  
  21  10:21  SCV x2  
  20  10:31  Barracks Reactor  
  20  10:33  SCV  
  20  10:34  Orbital Command  
  22  10:40  Marine x2  
  23  10:44  Missile Turret  
  23  10:45  SCV  
  24  10:51  Missile Turret  
  24  10:57  SCV  
  24  11:01  SCV  
  24  11:02  Marine x2  
  21  11:08  Marine x2, Barracks Tech Lab  
  21  11:09  SCV  
  24  11:14  SCV  
  25  11:21  SCV  
  25  11:23  Marine x2  
  25  11:24  Banshee  
  31  11:28  SCV  
  31  11:30  Marine x3  
  35  11:38  SCV  
  36  11:40  Marine  
  36  11:46  Stimpack  
  37  11:49  SCV  
  37  11:51  SCV  
  39  11:56  Marine x3  
  42  12:01  SCV  
  42  12:03  SCV  
  42  12:06  Marine, Siege Tank  
  48  12:13  SCV  
  49  12:16  SCV  
  49  12:19  Marine x3  
  53  12:25  SCV  
  53  12:29  SCV  
  55  12:34  Missile Turret  
  55  12:38  Siege Tank  
  55  12:42  SCV  
  56  12:51  SCV  
  56  12:52  Marine x3  
  56  12:58  Viking  
  62  13:08  Refinery  
  62  13:09  Marine  
  62  13:12  Siege Tank  
  66  13:17  Marine x2  
  68  13:31  Viking  
  70  13:36  SCV  
  69  13:47  SCV  
  69  13:50  Command Center  
  59  14:09  Siege Tank  
  62  14:10  Medivac  
  62  14:13  SCV x2  
  62  14:16  Terran Infantry Weapons Level 1  
  66  14:17  Refinery  
  66  14:18  Engineering Bay  
  66  14:25  Marine x4, SCV  
  68  14:55  Marine x4  
  68  14:56  Marine  
  70  15:13  Marine x2  
  67  15:14  Marine x2  
  67  15:17  Combat Shield  
  67  15:18  Marine, Barracks  
  67  15:19  Barracks, Siege Tank  
  71  15:29  SCV  
  71  15:30  Starport Reactor  
  71  15:31  Marine x2  
  71  15:32  Marine  
  63  15:51  Orbital Command  
  63  15:53  SCV x2  
  65  16:03  Marine x2  
  65  16:12  Barracks Reactor  
  65  16:13  Barracks Reactor, Viking x2  
  65  16:14  Marine x3  
  68  16:21  Marine  
  68  16:24  SCV  
  70  16:32  SCV  
  71  16:33  Marine x4  
  71  16:38  Armory, Marine, SCV  
Tags
 
Matchup
TvT
Opening
1/1/1
Race
Terran
Spawn Locations
Cross Positions
Strategy
Banshee Rush
Add a new tag
Caveats
  • Supply blocks, unpowered buildings, or Contaminate may cause inaccurate times.
  • Supply counts are checked every 10 seconds.